 Dungeon Crawl Stone Soup version 0.23.1 (webtiles) character file.

Game seed: 15549768184191375356

800 Borgoz the Sneak (level 7, -4/57 HPs)
             Began as a Ghoul Enchanter on Mar 2, 2019.
             Killed by divine providence
             ... invoked by an orc priest
              (9 damage)
             ... on level 5 of the Dungeon.
             The game lasted 00:10:56 (5629 turns).

Borgoz the Sneak (Ghoul Enchanter)                  Turns: 5629, Time: 00:10:57

Health: -4/57      AC:  5    Str: 12      XL:     7   Next: 90%
Magic:  8/8        EV: 12    Int: 10      God:
Gold:   202        SH:  0    Dex:  8 (11) Spells: 6/9 levels left

rFire    . . .     SeeInvis .   w - +2 rapier (drain)
rCold    + . .     Gourm    .   (no shield)
rNeg     + + +     Faith    .   g - +1 leather armour
rPois    ∞         Spirit   .   (no helmet)
rElec    .         Reflect  .   (no cloak)
rCorr    .         Harm     .   c - +0 pair of gloves
MR       .....                  (no boots)
Stlth    ++........             (no amulet)
HPRegen  0.00/turn              (no ring)
MPRegen  0.11/turn              (no ring)

@: very slightly contaminated, rotting
A: rotting body, claws 1, carnivore, cold resistance 1, negative energy
resistance 3, inhibited regeneration, torment resistance, unbreathing
a: no special abilities


You were on level 5 of the Dungeon.
You were not hungry.

You visited 2 branches of the dungeon, and saw 6 of its levels.

You collected 202 gold pieces.

Inventory:

Hand Weapons
 w - a +2 rapier of draining (weapon)
Missiles
 e - 42 poisoned needles
 s - 4 tomahawks (quivered)
Armour
 c - a +0 pair of gloves (worn)
 g - a +1 leather armour (worn)
 u - a cursed +0 ring mail
Wands
 i - a wand of flame (40)
 r - a wand of iceblast (4)
 v - a wand of digging (7)
Scrolls
 f - a scroll of noise {unknown}
 h - 2 scrolls of remove curse
 j - a scroll of enchant weapon {unknown}
 k - 2 scrolls of magic mapping
 m - a scroll of blinking
 o - a scroll of random uselessness {unknown}
 p - a scroll of fog {unknown}
 t - a scroll of immolation {unknown}
Potions
 b - a potion of curing
 q - a potion of flight
Comestibles
 d - 7 rations


   Skills:
 + Level 3.0 Fighting
 * Level 3.9 Short Blades
 + Level 2.0 Throwing
 + Level 2.5 Armour
 * Level 4.3 Dodging
 + Level 4.7 Stealth
 - Level 1.7 Spellcasting
 - Level 2.4 Hexes


You had 6 spell levels left.
You knew the following spells:

 Your Spells              Type           Power        Failure   Level  Hunger
a - Corona                Hex            #......      16%         1    ##.....
b - Ensorcelled Hibernat  Hex/Ice        #.....       36%         2    ###....

Your spell library contained the following spells:

 Spells                   Type           Power        Failure   Level  Hunger
 Confuse                  Hex            #.......     41%         3    ####...
 Tukima's Dance           Hex            #.......     41%         3    ####...
 Dazzling Spray           Conj/Hex       #.....       58%         3    ####...


Dungeon Overview and Level Annotations

Branches:
Dungeon (5/15)             Temple (1/1) D:4

Altars:
Fedhas
Gozag
Hepliaklqana
Kikubaaqudgha
Makhleb
Nemelex Xobeh
Okawaru
Qazlal
Sif Muna
Trog
Uskayaw
Xom
Yredelemnul
Zin


Innate Abilities, Weirdness & Mutations

Your body is rotting away.
You thrive on raw meat.
You are immune to poison.
You have sharp fingernails.
You are carnivorous and can eat meat at any time.
Your flesh is cold resistant. (rC+)
You are immune to negative energy. (rN+++)
You do not regenerate when monsters are visible.
You are immune to unholy pain and torment.
You can survive without breathing.


Message History

Something hits you but does no damage. The orc wizard closely misses you.
You barely miss the orc wizard.
The orc wizard is almost dead.
You hear some strange, mumbled words.
A magic dart appears from out of thin air!
The magic dart hits you!
* * * LOW HITPOINT WARNING * * *
The orc wizard completely misses you.
You hear some strange, mumbled words.
A puff of flame appears from out of thin air!
The puff of flame hits you.
* * * LOW HITPOINT WARNING * * *
Blink to where?
Press: ? - help, Dir - move target cursor You are very lightly contaminated with residual magic.
As you read the scroll of blinking, it crumbles to dust.
The orc wizard completely misses you.
The orc priest calls down the wrath of Beogh upon you.
Beogh smites you!
You die...

#.# #.# #.##.# # #.# # #.#
#.##.# # .#.#####.###.# #.#
#.##.###### ....o.o......###
#.##....... ....o...........
#....##.### .#.#####.######
#####...# #.#####.#######
#.### #.......oo{§o.# #.#
#######.#####@##########.#####
#......(................
#######.##########.##### #.#
#.# ### #.# #.# #<# #.# #.#
######.###.##########.####
..........................##
###########.##########......


You could see an orc priest, an orc wizard and an orc.

Vanquished Creatures
  Sigmund (D:4)
  Eustachio (D:4)
  2 ogres (D:4)
  A centaur zombie (D:5)
  2 hounds (D:4)
  A quasit (D:5)
  Natasha (thrice) (D:4)
  6 adders
  A shadow imp (D:5)
  4 worms
  A dart slug (D:1)
  2 leopard geckos
  2 orcs
  10 bats
  4 giant cockroaches
  10 goblins
  9 hobgoblins
  7 jackals
  9 kobolds
  A quokka (D:2)
  3 ball pythons
  7 frilled lizards
  8 rats
95 creatures vanquished.

Notes
Turn   | Place    | Note
-------+----------+-------------------------------------------
     0 | D:1      | Borgoz the Ghoul Enchanter began the quest for the Orb.
     0 | D:1      | Reached XP level 1. HP: 14/14 MP: 2/2
    39 | D:1      | Reached skill level 1 in Short Blades
   116 | D:1      | Reached XP level 2. HP: 20/20 MP: 3/3
   801 | D:1      | Reached XP level 3. HP: 17/27 MP: 4/4
  1254 | D:2      | Reached skill level 1 in Fighting
  1258 | D:2      | Learned a level 2 spell: Ensorcelled Hibernation
  1401 | D:2      | Reached XP level 4. HP: 20/35 MP: 5/5
  1405 | D:2      | Reached skill level 1 in Armour
  1864 | D:3      | Found a deep blue altar of Sif Muna.
  2656 | D:3      | Found a glowing silver altar of Zin.
  2832 | D:3      | Reached XP level 5. HP: 39/40 MP: 6/6
  3140 | D:3      | Found an iron altar of Okawaru.
  3247 | D:3      | Noticed a moth of wrath
  3250 | D:3      | Found a bloodstained altar of Trog.
  4004 | D:4      | Noticed Eustachio
  4018 | D:4      | Killed Eustachio
  4018 | D:4      | Reached skill level 1 in Throwing
  4018 | D:4      | Reached XP level 6. HP: 37/48 MP: 4/7
  4126 | D:4      | Found a shimmering altar of Xom.
  4127 | D:4      | Found a shimmering altar of Xom.
  4198 | D:4      | Noticed Sigmund
  4231 | D:4      | Killed Sigmund
  4231 | D:4      | Reached XP level 7. HP: 22/56 MP: 8/8
  4549 | D:4      | Noticed Natasha
  4556 | D:4      | Killed Natasha
  4669 | D:4      | Found a staircase to the Ecumenical Temple.
  4703 | Temple   | Entered the Ecumenical Temple
  5003 | D:4      | Noticed Natasha
  5011 | D:4      | Killed Natasha
  5012 | D:4      | Found a shimmering altar of Xom.
  5019 | D:4      | Found a shimmering altar of Xom.
  5174 | D:4      | Noticed Natasha
  5182 | D:4      | Killed Natasha
  5294 | D:5      | Entered Level 5 of the Dungeon
  5629 | D:5      | Killed from afar by an orc priest

Skill      XL: |  1  2  3  4  5  6  7 |
---------------+----------------------+-----
Short Blades   | 1 2 3 |  3.9
Dodging        | 2 3 4 |  4.3
Fighting       | 1 2 3 |  3.0
Armour         | 1 2 |  2.5
Throwing       | 1 2 |  2.0
Stealth        | 4 |  4.7
Spellcasting   | |  1.7
Hexes          | |  2.4

Action                   |  1- 3 |  4- 6 |  7- 9 || total
-------------------------+-------+-------+-------++-------
Melee: Dagger            |   163 |   206 |       ||   369
       Rapier            |       |    38 |    86 ||   124
Throw: Tomahawk          |       |     5 |       ||     5
 Cast: Ensorcelled Hiber |       |    10 |     2 ||    12
  Use: Scroll            |     2 |       |     4 ||     6
       Potion            |     1 |     6 |     1 ||     8
 Stab: Sleeping          |     8 |    12 |     2 ||    22
       Distracted        |       |       |     1 ||     1
  Eat: Chunk             |     8 |    17 |     5 ||    30
Armor: Robe              |    16 |       |       ||    16
       Leather armour    |    40 |    58 |    39 ||   137
Dodge: Dodged            |   110 |   167 |    47 ||   324
